 Dungeon Crawl Stone Soup version 0.30-a0-335-ge5acde7520 (webtiles) character file.

Game seed: 13497748561646221359

333 McGhostyFace the Insei (level 6, -2/44 HPs)
             Began as a Gnoll Wanderer on Oct 30, 2022.
             Was a Follower of Nemelex Xobeh.
             Slain by a black bear (5 damage)
             ... on level 3 of the Dungeon.
             The game lasted 00:06:45 (3752 turns).

McGhostyFace the Insei (Gnoll Wanderer)             Turns: 3752, Time: 00:06:46

Health: -2/44      AC:  4    Str: 11    XL:     6   Next: 53%
Magic:  11/14      EV: 16    Int: 18    God:    Nemelex Xobeh [*.....]
Gold:   168        SH:  0    Dex: 13    Spells: 10/15 levels left

rFire   . . .      SeeInvis .      - Unarmed
rCold   . . .      Faith    .    (no shield)
rNeg    . . .      Spirit   .    e - +0 robe
rPois   .          Reflect  .    (no helmet)
rElec   .          Harm     .    r - +0 cloak
rCorr   .          Rampage  .    c - +0 pair of gloves
Will    .....                    (no boots)
Stlth   ++........               (no amulet)
HPRegen 0.27/turn                l - +4 ring of evasion
MPRegen 0.14/turn                u - +6 ring of intelligence

@: no status effects
A: fangs 1, strong nose, distributed training
a: Renounce Religion, Draw Escape, Draw Destruction, Draw Summoning


You were on level 3 of the Dungeon.
You worshipped Nemelex Xobeh.
Nemelex Xobeh was aware of your devotion.
You visited 1 branch of the dungeon, and saw 4 of its levels.

You collected 168 gold pieces.

Inventory:

Hand Weapons
 a - a +0 dagger
Armour
 c - a +0 pair of gloves (worn)
 e - a +0 robe (worn)
 r - a +0 cloak (worn)
Jewellery
 l - a +4 ring of evasion (left hand)
 u - a +6 ring of intelligence (right hand)
Wands
 w - a wand of iceblast (5)
Scrolls
 d - a scroll of fear
 f - 2 scrolls of blinking
 g - 4 scrolls of identify {unknown}
 k - 2 scrolls of amnesia {unknown}
 m - 3 scrolls of teleportation {unknown}
 n - a scroll of fog {unknown}
 p - 3 scrolls of torment {unknown}
 t - 3 scrolls of brand weapon {unknown}
Potions
 b - a potion of might {unknown}
 h - a potion of brilliance
 i - 2 potions of degeneration
 j - a potion of mutation {unknown}
 o - 3 potions of curing {unknown}
 q - a potion of cancellation {unknown}
 s - a potion of ambrosia {unknown}
 v - a potion of flight {unknown}


   Skills:
 + Level 2.1 Fighting
 + Level 2.1 Short Blades
 + Level 2.1 Long Blades
 + Level 2.1 Axes
 + Level 2.1 Maces & Flails
 + Level 2.1 Polearms
 + Level 2.1 Staves
 + Level 2.1 Ranged Weapons
 + Level 2.1 Throwing
 + Level 5.0 Armour
 + Level 2.1 Dodging
 + Level 3.1 Stealth
 + Level 2.1 Shields
 + Level 6.9 Unarmed Combat
 + Level 5.4 Spellcasting
 + Level 1.6 Conjurations
 + Level 1.6 Hexes
 + Level 1.6 Summonings
 + Level 1.6 Necromancy
 + Level 1.6 Translocations
 + Level 4.1 Transmutations
 + Level 1.6 Fire Magic
 + Level 1.6 Ice Magic
 + Level 1.6 Air Magic
 + Level 1.6 Earth Magic
 + Level 1.6 Poison Magic
 + Level 2.3 Invocations
 + Level 2.1 Evocations


You had 10 spell levels left.
You knew the following spells:

 Your Spells              Type           Power      Damage    Failure   Level
a - Sting                 Tmut/Pois      60%        1d6       3%          1
b - Blink                 Tloc           20%        N/A       10%         2
c - Momentum Strike       Conj/Tloc      20%        3d8       10%         2

Your spell library contained the following spells:

 Spells                   Type           Power      Damage    Failure   Level
 Kiss of Death            Conj/Necr      40%        2d8       6%          1
 Necrotise                Necr           40%        1d6       6%          1
 Sublimation of Blood     Necr           10%        N/A       10%         2
 Spider Form              Tmut/Pois      15%        N/A       12%         3
 Lesser Beckoning         Tloc           20%        N/A       19%         3
 Petrify                  Tmut/Erth      15%        N/A       36%         4
 Irradiate                Conj/Tmut      7%         3d14      71%         5


Dungeon Overview and Level Annotations

Branches:
Dungeon (4/15)
 Temple: D:4-7

Altars:
Nemelex Xobeh
Trog
Xom


Innate Abilities, Weirdness & Mutations

You have very sharp teeth.
Your uncanny sense of smell can sniff out nearby items.
Your experience applies equally to all skills.


Message History

The black bear closely misses you. The black bear bites you!
The black bear completely misses you. The black bear closely misses you.
Things that are here:
a +0 whip; a +0 chain mail
There is a stone staircase leading up here.
Magic restored.
The black bear bites you. The black bear claws you. The black bear misses you.
The black bear closely misses you. The black bear claws you.
* * * LOW HITPOINT WARNING * * *
The black bear claws you but does no damage.
You climb upwards.
There is a stone staircase leading down here.
Casting: Sting (safe; 3% risk of failure)
Confirm with . or Enter, or press ? or * to list all spells.
You blink.
The black bear looks more healthy.
Casting: Blink (safe; 10% risk of failure)
Confirm with . or Enter, or press ? or * to list all spells.
Aiming: Sting (safe; 3% risk of failure)
Press: ? - help, Shift-Dir - straight line, f - black bear
Aim: a black bear (almost dead, berserk, 81% to hit)
The sting hits the black bear.
The black bear is poisoned.
The black bear is almost dead.
The black bear misses you.
The black bear claws you but does no damage.
The black bear barely misses you. The black bear bites you.
* * * LOW HITPOINT WARNING * * *
The black bear closely misses you. The black bear claws you.
* * * LOW HITPOINT WARNING * * *
Okay, then.
The black bear closely misses you. The black bear claws you.
* * * LOW HITPOINT WARNING * * *
The black bear claws you but does no damage.
You feel stable enough to blink again.
The black bear rages.
The black bear attacks as you move away!
The black bear bites you but does no damage.
The black bear claws you but does no damage.
The black bear claws you.
You die...
Your body disappears without a glow.

..##...##...# #.#.## ...#####....#
##..... .#..........# #......
.##.....############## #......
.................รท>(.######......
##################.#.............
#.................#####.......
#.##.......####...## ##......
#.##.......'.@h<#..## #..[...
#.##.......######...# #......
#.##.......'......#.# #......
#.##.....).########.####......
#...........................##
######...#.................##
###...#.###########.###.#
#<#...#.# #..##'### #.#...#.#
##......#


You could see a black bear (berserk, poisoned).

Vanquished Creatures
  A phantom (D:4)
  A hound (D:4)
  2 orc priests (D:4)
  Jessica (D:3)
  An orc wizard (D:4)
  6 adders
  2 worms
  2 dart slugs
  An orc (D:3)
  7 ball pythons
  5 bats
  4 endoplasms
  A giant cockroach (D:3)
  8 goblins
  8 hobgoblins
  4 jackals (D:4)
  A quokka (D:3)
  3 kobolds
  5 rats
63 creatures vanquished.

Notes
Turn   | Place    | Note
-------+----------+-------------------------------------------
     0 | D:1      | McGhostyFace the Gnoll Wanderer began the quest for the
                  | Orb.
     0 | D:1      | McGhostyFace set off with the following items: a +0 dagger,
                  | a potion of berserk rage, a +0 pair of gloves, a scroll of
                  | fear, a +0 robe, a scroll of blinking; and the following
                  | spell memorised: Sting; and the following spells available
                  | to memorise: Spider Form.
     0 | D:1      | Reached XP level 1. HP: 13/13 MP: 6/6
   290 | D:1      | Reached XP level 2. HP: 19/19 MP: 7/7
   766 | D:2      | Reached skill level 5 in Spellcasting
   766 | D:2      | Reached XP level 3. HP: 12/25 MP: 7/9
  1158 | D:2      | Reached skill level 1 in Invocations
  1568 | D:2      | Found a sparkling altar of Nemelex Xobeh.
  1578 | D:2      | Became a worshipper of Nemelex Xobeh the Trickster
  2007 | D:2      | Reached skill level 1 in Fighting
  2007 | D:2      | Reached skill level 1 in Short Blades
  2007 | D:2      | Reached skill level 1 in Long Blades
  2007 | D:2      | Reached skill level 1 in Axes
  2007 | D:2      | Reached skill level 1 in Maces & Flails
  2007 | D:2      | Reached skill level 1 in Polearms
  2007 | D:2      | Reached skill level 1 in Staves
  2007 | D:2      | Reached skill level 1 in Ranged Weapons
  2007 | D:2      | Reached skill level 1 in Throwing
  2007 | D:2      | Reached skill level 1 in Dodging
  2007 | D:2      | Reached skill level 1 in Shields
  2007 | D:2      | Reached skill level 1 in Evocations
  2182 | D:3      | Noticed Jessica
  2192 | D:3      | Killed Jessica
  2193 | D:3      | Reached skill level 1 in Conjurations
  2193 | D:3      | Reached skill level 1 in Hexes
  2193 | D:3      | Reached skill level 1 in Summonings
  2193 | D:3      | Reached skill level 1 in Necromancy
  2193 | D:3      | Reached skill level 1 in Translocations
  2193 | D:3      | Reached skill level 1 in Fire Magic
  2193 | D:3      | Reached skill level 1 in Ice Magic
  2193 | D:3      | Reached skill level 1 in Air Magic
  2193 | D:3      | Reached skill level 1 in Earth Magic
  2193 | D:3      | Reached skill level 1 in Poison Magic
  2193 | D:3      | Reached XP level 4. HP: 29/32 MP: 7/11
  2207 | D:3      | Got Jessica's Catalogue of the Invisible People
  2975 | D:4      | Reached * piety under Nemelex Xobeh
  2997 | D:4      | Reached XP level 5. HP: 37/37 MP: 12/12
  3020 | D:4      | Learned a level 2 spell: Blink
  3024 | D:4      | Found a shimmering altar of Xom.
  3037 | D:4      | Found a bloodstained altar of Trog.
  3062 | D:4      | Received a gift from Nemelex Xobeh
  3084 | D:4      | Noticed a phantom
  3112 | D:4      | Killed a phantom
  3113 | D:4      | Reached XP level 6. HP: 20/44 MP: 13/13
  3360 | D:4      | Reached skill level 5 in Armour
  3572 | D:4      | Learned a level 2 spell: Momentum Strike
  3678 | D:4      | Noticed a black bear
  3752 | D:3      | Slain by a black bear

Illustrated notes

Levels and vault maps discovered:
D:1:      saegor_arrival_simple_c, layout_basic
D:2:      layout_basic, basic_altar
D:3:      layout_basic, kennysheep_jessica_study
D:4:      layout_rooms, mainiacjoe_overflow_alcove_2, kennysheep_little_box,
          minmay_misc_feat_enclosed

Skill      XL: |  1  2  3  4  5  6 |
---------------+-------------------+-----
Spellcasting   | 5 |  5.4
Invocations    | 1 2 |  2.3
Fighting       | 1 2 |  2.1
Short Blades   | 1 2 |  2.1
Long Blades    | 1 2 |  2.1
Axes           | 1 2 |  2.1
Maces & Flails | 1 2 |  2.1
Polearms       | 1 2 |  2.1
Staves         | 1 2 |  2.1
Ranged Weapons | 1 2 |  2.1
Throwing       | 1 2 |  2.1
Dodging        | 1 2 |  2.1
Shields        | 1 2 |  2.1
Evocations     | 1 2 |  2.1
Conjurations   | 1 |  1.6
Hexes          | 1 |  1.6
Summonings     | 1 |  1.6
Necromancy     | 1 |  1.6
Translocations | 1 |  1.6
Fire Magic     | 1 |  1.6
Ice Magic      | 1 |  1.6
Air Magic      | 1 |  1.6
Earth Magic    | 1 |  1.6
Poison Magic   | 1 |  1.6
Transmutations | 4 |  4.1
Stealth        | 3 |  3.1
Armour         | 5 |  5.0
Unarmed Combat | |  6.9

Action                   |  1- 3 |  4- 6 || total
-------------------------+-------+-------++-------
Melee: Unarmed           |    61 |   153 ||   214
       Dagger            |     9 |       ||     9
       Bite              |     6 |    11 ||    17
       Punch             |     3 |     9 ||    12
 Cast: Sting             |     3 |    19 ||    22
       Blink             |       |     2 ||     2
Invok: Draw Destruction  |       |     3 ||     3
  Use: Potion            |     2 |     1 ||     3
 Stab: Sleeping          |     1 |     3 ||     4
Armor: Robe              |    15 |    33 ||    48
Dodge: Dodged            |    66 |   144 ||   210

Table legend: (Time is in decaauts)
 A = Elapsed time spent in this place.
 B = Non-inter-level travel time spent in this place.
 C = Inter-level travel time spent in this place.
 D = Time resting spent in this place.
 E = Time spent auto-exploring this place.
 F = Levels seen in this place.
 G = Mean time per level.
                   A        B        C        D        E       F      G
               +--------+--------+--------+--------+--------+-----+--------+
         Total |   3730 |   3678 |     52 |    685 |   2325 |   4 |  932.5 |
       Dungeon |   3730 |   3678 |     52 |    685 |   2325 |   4 |  932.5 |
               +--------+--------+--------+--------+--------+-----+--------+

Top non-repeatable levels by time:
     D:2: 1463 daAuts
     D:3: 997 daAuts
     D:1: 705 daAuts
     D:4: 564 daAuts
